 Seeded DCSS version 0.29.1-15-g9cfb28693d (webtiles) character file.

Game seed: 5852750519012672489 (custom seed)

99 Twinkles the Conjurer (level 4, -2/22 HPs)
             Began as a Vine Stalker Conjurer on June 2, 2023.
             Killed from afar by Ijyb (9 damage)
             ... with a bolt of dispelling energy
             ... on level 3 of the Dungeon.
             The game lasted 00:05:33 (2864 turns).

Twinkles the Conjurer (Vine Stalker Conjurer)       Turns: 2864, Time: 00:05:33

Health: -2/22      AC:  3    Str:  9    XL:     4   Next: 72%
Magic:  0/9        EV: 11    Int: 20    God:
Gold:   102        SH:  0    Dex: 13    Spells: 6/9 levels left

rFire   . . .      SeeInvis .   j - +0 dagger
rCold   . . .      Faith    .   (no shield)
rNeg    . . .      Spirit   +   c - +0 leather armour
rPois   .          Reflect  .   (no helmet)
rElec   .          Harm     .   (no cloak)
rCorr   .          Rampage  .   (no gloves)
Will    .....                   (no boots)
Stlth   ++........              (no amulet)
HPRegen 0.87/turn               (no ring)
MPRegen 0.11/turn               (no ring)

@: no status effects
A: fangs 2, regeneration 1, magic shield, antimagic bite, no potion heal 2
a: no special abilities


You were on level 3 of the Dungeon.
You visited 1 branch of the dungeon, and saw 3 of its levels.

You collected 102 gold pieces.

Inventory:

Hand Weapons
 j - a +0 dagger (weapon)
Armour
 a - a +0 robe
 c - a +0 leather armour (worn)
Scrolls
 d - 2 scrolls of identify {unknown}
 e - a scroll of poison {unknown}
 f - a scroll of magic mapping {unknown}
 g - a scroll of vulnerability {unknown}
 h - a scroll of noise {unknown}
 k - 2 scrolls of fog {unknown}
 p - 3 scrolls of silence {unknown}
Potions
 b - a potion of magic
 i - 2 potions of brilliance {unknown}
 l - a potion of curing {unknown}
 m - a potion of cancellation {unknown}
 n - 2 potions of heal wounds {unknown}
 o - 3 potions of might {unknown}


   Skills:
 + Level 1.5 Fighting
 - Level 2.0 Dodging
 - Level 2.4 Stealth
 + Level 3.0 Spellcasting
 + Level 4.5 Conjurations
 + Level 1.0 Hexes


You had 6 spell levels left.
You knew the following spells:

 Your Spells              Type           Power      Damage    Failure   Level
a - Magic Dart            Conj           84%        1d7       3%          1
b - Searing Ray           Conj           42%        2d6       4%          2

Your spell library contained the following spells:

 Spells                   Type           Power      Damage    Failure   Level
 Dazzling Flash           Conj/Hex       28%        N/A       19%         3
 Fulminant Prism          Conj/Hex       7%         3d7       52%         4
 Iskenderun's Mystic Bla  Conj/Tloc      12%        2d5       61%         4


Dungeon Overview and Level Annotations

Branches:
Dungeon (3/15)

Altars:

Annotations:
D:3 Ijyb


Innate Abilities, Weirdness & Mutations

You have extremely sharp teeth.
Your natural rate of healing is unusually fast.
When hurt, damage is shared between your health and your magic reserves.
Your bite disrupts and absorbs the magic of your enemies.
Potions cannot restore your health.


Message History

You hit Ijyb.
Ijyb is severely wounded.
A gnoll comes into view. It is wielding a +0 club.
Ijyb hits you with a +0 club.
You closely miss Ijyb. You bite Ijyb. You drain her power.
You feel invigorated.
Ijyb is almost dead.
Ijyb misses you.
You closely miss Ijyb.
Ijyb is almost dead.
Ijyb hits you with a +0 club.
Casting: Searing Ray (safe; 4% risk of failure)
Confirm with . or Enter, or press ? or * to list all spells.
Aiming: Searing Ray (safe; 4% risk of failure)
Press: ? - help, Shift-Dir - straight line, f/p - Ijyb
Aim: Ijyb, wielding a +0 club, wearing a +0 ring mail and carrying a wand of quicksilver (11) (almost dead, 75% to hit)
The searing ray hits Ijyb.
Ijyb is almost dead. (Press . to maintain the ray.) Ijyb closely misses you.
Without enough magic to sustain it, your searing ray dissipates.
Ijyb hits you with a +0 club.
You hit Ijyb but do no damage. Your bite misses Ijyb.
Ijyb is almost dead.
Ijyb hits you with a +0 club.
* * * LOW HITPOINT WARNING * * *
You closely miss Ijyb.
Ijyb is almost dead.
The gnoll barely misses you. Ijyb completely misses you.
You hit Ijyb. You bite Ijyb, but do no damage.
Ijyb is almost dead.
The gnoll closely misses you. Ijyb hits you with a +0 club.
* * * LOW HITPOINT WARNING * * *
You closely miss Ijyb.
Ijyb is almost dead.
The gnoll closely misses you. Ijyb barely misses you.
You closely miss Ijyb. You bite Ijyb, but do no damage.
Ijyb is almost dead.
Ijyb zaps a wand.
The bolt of dispelling energy hits you!
You die...

#.#.... ......
...... .....#.....
###...##.... #.
.......... .
#.###...##..# .#
......gg##..#..# .
.###.#@##..#..##..
...................
#.###...##..#..#...
..................
.(.[...###.......#
..................#
#####...#...#.##..#
#...##..#.##..#
#... #..#.....#


You could see Ijyb and a gnoll.

Vanquished Creatures
  Terence (D:3)
  2 adders (D:2)
  2 worms
  A dart slug (D:1)
  5 ball pythons
  3 bats
  9 endoplasms
  2 giant cockroaches
  4 goblins
  2 hobgoblins
  4 kobolds
  A quokka (D:2)
  2 frilled lizards (D:2)
  6 rats
44 creatures vanquished.

Notes
Turn   | Place    | Note
-------+----------+-------------------------------------------
     0 | D:1      | Twinkles the Vine Stalker Conjurer began the quest for the
                  | Orb.
     0 | D:1      | Reached XP level 1. HP: 9/9 MP: 4/4
   472 | D:1      | Reached XP level 2. HP: 14/14 MP: 3/6
  1403 | D:2      | Reached XP level 3. HP: 17/17 MP: 2/7
  1490 | D:2      | Found a faded altar of an unknown god.
  1592 | D:2      | Reached skill level 1 in Fighting
  2006 | D:2      | Learned a level 2 spell: Searing Ray
  2140 | D:2      | Gained mutation: Your natural rate of healing is unusually
                  | fast. [Vine Stalker growth]
  2140 | D:2      | Reached XP level 4. HP: 22/22 MP: 7/9
  2576 | D:3      | Noticed Terence
  2582 | D:3      | Killed Terence
  2668 | D:3      | Reached skill level 1 in Hexes
  2847 | D:3      | Noticed Ijyb
  2864 | D:3      | Killed from afar by Ijyb

Illustrated notes

Levels and vault maps discovered:
D:1:      dpeg_arrival_rooms_a, layout_basic, serial_forest,
          infiniplex_forest_end_double, infiniplex_forest_end_2,
          infiniplex_forest_lined_2, infiniplex_forest_straight_4,
          infiniplex_forest_lined_room_2, infiniplex_forest_clump_small,
          infiniplex_forest_straight_5, infiniplex_forest_straight_5
D:2:      layout_loops_ring, chequers_ecumenical_altar_island,
          kennysheep_generic_room_6
D:3:      layout_basic, lemuel_zombie_altar_kikubaaqudgha, uniq_robin,
          uniq_terence, uniq_natasha, uniq_ijyb

Skill      XL: |  1  2  3  4 |
---------------+-------------+-----
Fighting       | 1 |  1.5
Dodging        | 2 |  2.0
Spellcasting   | 3 |  3.0
Hexes          | 1 |  1.0
Stealth        | |  2.4
Conjurations   | |  4.5

Action                   |  1- 3 |  4- 6 || total
-------------------------+-------+-------++-------
Melee: Unarmed           |     8 |       ||     8
       Bite              |     2 |     3 ||     5
       Dagger            |     6 |     8 ||    14
 Cast: Magic Dart        |    55 |    17 ||    72
       Searing Ray       |     1 |     7 ||     8
 Stab: Sleeping          |     3 |       ||     3
Armor: Leather armour    |     5 |       ||     5
Dodge: Dodged            |     5 |     9 ||    14
